 Seeded DCSS version 0.29-a0-553-g81b289dbe5 (webtiles) character file.

Game seed: 16333096420968504450 (custom seed)

707 Patoropollo the Ducker (level 7, 0/44 HPs)
             Began as a Tengu Monk on June 7, 2022.
             Slain by a scorpion (6 damage)
             ... on level 5 of the Dungeon.
             The game lasted 00:08:29 (5146 turns).

Patoropollo the Ducker (Tengu Monk)                 Turns: 5146, Time: 00:08:30

Health: 0/44       AC:  2    Str: 12    XL:     7   Next: 67%
Magic:  8/8        EV: 18    Int: 10    God:
Gold:   267        SH:  5    Dex: 18    Spells: 6/6 levels left

rFire   . . .      SeeInvis .   a - +0 spear
rCold   . . .      Faith    .   (no shield)
rNeg    . . .      Spirit   .   b - +0 robe
rPois   .          Reflect  +   (helmet restricted)
rElec   .          Harm     .   (no cloak)
rCorr   .          Rampage  .   (no gloves)
Will    .....                   (boots unavailable)
Stlth   ++........              f - amulet of reflection
HPRegen 0.14/turn               (no ring)
MPRegen 0.11/turn               (no ring)

@: lethally poisoned (0 -> -5), flying quickly and evasively, quick
A: beak, talons 3, nimble flight
a: no special abilities


You were on level 5 of the Dungeon.
You visited 1 branch of the dungeon, and saw 5 of its levels.

You collected 267 gold pieces.

Inventory:

Hand Weapons
 a - a +0 spear (weapon)
Armour
 b - a +0 robe (worn)
Jewellery
 d - an amulet of the acrobat
 f - an amulet of reflection (around neck)
 r - an amulet of faith
Scrolls
 i - 2 scrolls of fog {unknown}
 j - a scroll of poison {unknown}
 k - 2 scrolls of vulnerability {unknown}
 l - a scroll of blinking {unknown}
 m - a scroll of magic mapping {unknown}
 n - a scroll of brand weapon {unknown}
 p - 2 scrolls of immolation {unknown}
 s - 2 scrolls of summoning {unknown}
 t - a scroll of fear {unknown}
 u - a scroll of noise {unknown}
Potions
 c - a potion of ambrosia
 g - 2 potions of degeneration {unknown}
 h - 2 potions of mutation {unknown}
 o - a potion of heal wounds {unknown}
 q - 2 potions of curing {unknown}


   Skills:
 + Level 5.0 Fighting
 - Level 3.2(4.3) Polearms
 + Level 4.2(4.8) Staves
 + Level 4.2 Armour
 + Level 5.5 Dodging
 - Level 2.0 Stealth


You had 6 spell levels left.
You didn't know any spells.
Your spell library contained the following spells:

 Spells                   Type           Power      Damage    Failure   Level
 Apportation              Tloc           0%         N/A       36%         1
 Necrotize                Necr           0%         1d4       36%         1
 Summon Small Mammal      Summ           0%         N/A       36%         1
 Confusing Touch          Hex            0%         N/A       75%         3
 Conjure Flame            Conj/Fire      0%         6-21      75%         3
 Ignite Poison            Fire/Tmut/Pois 0%         N/A       75%         3
 Sticky Flame             Conj/Fire      0%         2d3       98%         4
 Yara's Violent Unravell  Hex/Tmut       0%         3d3       100%        5
 Enfeeble                 Hex            0%         N/A       100%        7


Dungeon Overview and Level Annotations

Branches:
Dungeon (5/15)
 Temple: D:4-7

Altars:
Zin

Shops:
D:4 *   D:5 :


Innate Abilities, Weirdness & Mutations

You have a beak for a mouth.
You have claws for feet.
Your magical nature lets you fly swiftly and evasively.


Message History

You feel sick. The scorpion closely misses you.
You barely miss the scorpion.
The scorpion is severely wounded.
You feel sick. The scorpion barely misses you.
You closely miss the scorpion. Your kick misses the scorpion.
The scorpion is severely wounded.
You feel sick. The scorpion completely misses you.
You closely miss the scorpion. Your kick misses the scorpion.
The scorpion is severely wounded.
You feel sick. The scorpion stings you.
You are more poisoned.
The scorpion poisons you! The scorpion misses you.
You hit the scorpion.
The scorpion is severely wounded.
You feel very sick. The scorpion barely misses you.
You hit the scorpion but do no damage.
You claw the scorpion, but do no damage.
The scorpion is severely wounded.
You feel very sick. The scorpion stings you.
You hit the scorpion but do no damage.
The scorpion is severely wounded.
You feel very sick. The scorpion stings you.
* * * LOW HITPOINT WARNING * * *
You closely miss the scorpion.
You claw the scorpion, but do no damage.
The scorpion is severely wounded.
* * * LOW HITPOINT WARNING * * *
You feel sick. You block the scorpion's attack.
You closely miss the scorpion. You claw the scorpion.
The scorpion is almost dead.
* * * LOW HITPOINT WARNING * * *
You feel sick. The scorpion misses you.
You hit the scorpion but do no damage. Your kick misses the scorpion.
The scorpion is almost dead.
* * * LOW HITPOINT WARNING * * *
You feel sick. The scorpion stings you.
You die...

##########
......s@.#
########.###
#......# #.##.#.#
#.##...# #.####.#
#.. #.###########
#
####+#...........#
#
#.........#####.#
#


You could see a scorpion.

Vanquished Creatures
  Menkaure (D:5)
  A black bear (D:4)
  A necrophage (D:4)
  A scorpion (D:4)
  2 jellies
  2 orc priests (D:5)
  7 gnolls
  9 adders
  3 worms
  2 dart slugs
  4 orcs
  12 ball pythons
  5 endoplasms
  4 giant cockroaches
  5 goblins
  8 hobgoblins
  7 jackals
  3 quokkas
  11 bats
  3 frilled lizards (D:1)
  7 kobolds
  5 rats
103 creatures vanquished.

Vanquished Creatures (others)
  2 fungi (D:2)
2 creatures vanquished.

Grand Total: 105 creatures vanquished

Notes
Turn   | Place    | Note
-------+----------+-------------------------------------------
     0 | D:1      | Patoropollo the Tengu Monk began the quest for the Orb.
     0 | D:1      | Reached XP level 1. HP: 14/14 MP: 2/2
   267 | D:1      | Reached XP level 2. HP: 19/19 MP: 3/3
   464 | D:1      | Reached skill level 1 in Armour
   477 | D:1      | Reached skill level 1 in Staves
   693 | D:1      | Reached XP level 3. HP: 23/23 MP: 4/4
  1423 | D:2      | Reached XP level 4. HP: 28/28 MP: 5/5
  2151 | D:2      | Found a faded altar of an unknown god.
  2459 | D:3      | Gained mutation: Your magical nature lets you fly swiftly
                  | and evasively. [Tengu growth]
  2459 | D:3      | Reached XP level 5. HP: 28/33 MP: 6/6
  3535 | D:4      | Noticed a black bear
  3550 | D:4      | Killed a black bear
  3551 | D:4      | Reached XP level 6. HP: 36/38 MP: 7/7
  4031 | D:4      | Found Naaxoboll's Serpentskin Sales.
  4393 | D:4      | Reached skill level 5 in Dodging
  4393 | D:4      | Reached XP level 7. HP: 24/44 MP: 8/8
  4570 | D:5      | Entered Level 5 of the Dungeon
  4595 | D:5      | Found Tiodopn's Book Shoppe.
  4597 | D:5      | Found a glowing silver altar of Zin.
  4637 | D:5      | Noticed Menkaure
  4648 | D:5      | Killed Menkaure
  4934 | D:5      | Reached skill level 5 in Fighting
  5146 | D:5      | Slain by a scorpion

Illustrated notes

Levels and vault maps discovered:
D:1:      lightli_arrival_farm, layout_rooms
D:2:      layout_rooms, shapermc_ecumenical_altar_acropolis
D:3:      layout_basic, kennysheep_generic_room_3
D:4:      layout_loops_ring, guppyfry_shop_venom
D:5:      layout_basic, mainiacjoe_overflow_boulevard, serial_shops, shop,
          roderic_filled_cross, uniq_menkaure

Skill      XL: |  1  2  3  4  5  6  7 |
---------------+----------------------+-----
Armour         | 1 2 3 4 |  4.2
Staves         | 1 2 3 4 |  4.2
Dodging        | 4 5 |  5.5
Fighting       | 4 5 |  5.0
Polearms       | |  3.2
Stealth        | |  2.0

Action                   |  1- 3 |  4- 6 |  7- 9 || total
-------------------------+-------+-------+-------++-------
Melee: Spear             |    94 |   183 |    54 ||   331
       Kick              |    18 |    36 |    16 ||    70
       Peck              |    17 |    23 |     8 ||    48
       Punch             |     2 |     2 |       ||     4
  Use: Potion            |       |     1 |     1 ||     2
       Scroll            |       |       |     1 ||     1
 Stab: Sleeping          |     2 |    12 |     1 ||    15
       Distracted        |       |     1 |       ||     1
Armor: Robe              |     9 |    14 |     3 ||    26
Dodge: Dodged            |    46 |    93 |    18 ||   157
Block: Other             |     4 |    35 |    10 ||    49
       Reflection        |       |     1 |       ||     1

Table legend: (Time is in decaauts)
 A = Elapsed time spent in this place.
 B = Non-inter-level travel time spent in this place.
 C = Inter-level travel time spent in this place.
 D = Time resting spent in this place.
 E = Time spent auto-exploring this place.
 F = Levels seen in this place.
 G = Mean time per level.
                   A        B        C        D        E       F      G
               +--------+--------+--------+--------+--------+-----+--------+
         Total |   4978 |   4847 |    131 |      0 |   4048 |   5 |  995.6 |
       Dungeon |   4978 |   4847 |    131 |      0 |   4048 |   5 |  995.6 |
               +--------+--------+--------+--------+--------+-----+--------+

Top non-repeatable levels by time:
     D:1: 1628 daAuts
     D:3: 1001 daAuts
     D:4: 978 daAuts
     D:2: 829 daAuts
     D:5: 541 daAuts
